[Event "3rd Tal Heraklion-IM 2022"]
[Site "Heraklion"]
[Date "2022.04.28"]
[Round "3.2"]
[White "Rakshitta Ravi"]
[Black "Anagnostopoulos, Konstantinos"]
[Result "1-0"]
[ECO "E05"]
[WhiteElo "2240"]
[BlackElo "2340"]
[Annotator "TA"]
[PlyCount "81"]
[EventDate "2022.04.18"]
[EventType "tourn"]
[EventCountry "GRE"]
[SourceTitle "playchess.com"]
[Source "ChessBase"]
[SourceQuality "1"]
[TimeControl "40/5400+30:1800+30"]

1. Nf3 d5 2. d4 Nf6 3. g3 e6 4. Bg2 Be7 5. O-O O-O 6. c4 dxc4 7. Qc2 b5 8. a4 {[%emt 0:01:58] E05: Open Catalan: 5 Nf3 Be7.} b4 9. Nfd2 Nd5 {[%emt 0:01:08] now scores much better than the old 9...c6.} 10. Nxc4 {[%emt 0:00:16] White has an edge.} c5 11. dxc5 Ba6 12. Ne3 Nd7 $1 13. Nxd5 exd5 14. c6 Rc8 15. Bf4 {[%emt 0:00:45] Prevents Ne5.} Nc5 16. Rd1 d4 17. h4 Re8 18. Nd2 {[%emt 0:02:03] [#]} (18. c7 $5 Qd7 19. Kh2 $11) 18... Bf8 $146 ({Predecessor:} 18... Bxe2 19. c7 Qd7 20. Rdc1 Nd3 21. Bc6 Qh3 22. Bxe8 Nxf4 23. Qe4 Rxe8 24. Qxf4 Ba6 {1-0 (33) Gelfand,B (2684)-Deac,B (2618) Bucharest 2019}) 19. Ne4 {[%emt 0:33:32] White is more active.} (19. Nc4 b3 20. Qc1 Rxe2 $15) ({White should try} 19. c7 $16 Rxc7 20. Bxc7 Qxc7 21. Ne4) 19... b3 20. Qb1 {[%emt 0:00:14] And now Nxc5 would win.} Bxe2 21. c7 (21. Ng5 $2 d3 22. c7 Qd4 $19) 21... Qd7 22. Nxc5 (22. Ng5 g6 23. Rd2 d3 $15) 22... Bxc5 23. Rc1 Rxc7 (23... Bb6 $1 $11 24. Bc6 Qh3) 24. Bxc7 $14 Qxc7 25. Qf5 Re5 26. Qf4 Qe7 {[%emt 0:05:45] [#]} 27. a5 $2 (27. Rxc5 $1 $16 {and life is bright.} Rxc5 28. Qxd4) 27... h6 {[%emt 0:07:37] [#]} (27... d3 $1 $17 {Strongly threatening ...g6.} 28. Rc4 g6) 28. a6 $2 (28. Rxc5 $1 $11 Rxc5 29. Qxd4) 28... g5 $19 29. hxg5 hxg5 30. Qd2 d3 $1 31. Ra5 {[%emt 0:05:22] [#]} Bb6 $2 (31... Bxf2+ $1 $19 32. Kxf2 Qf6+ 33. Ke1 Qb6 $1 34. Qxg5+ (34. Rc8+ $2 Kh7 $19) 34... Rxg5 35. Rxg5+ Kf8 36. Rc8+ Ke7 37. Re5+ Kd7) 32. Rxe5 $1 $11 Qxe5 33. Qb4 $1 {[%emt 0:00:57] Black must now prevent Rc8+.} ({Much worse is} 33. Rc8+ Kg7 34. Qb4 Bxf2+ 35. Kh1 d2 36. Qxd2 Bxa6 $1 $15) 33... Kg7 (33... Qxb2 {gets mated.} 34. Rc8+ Kh7 35. Be4+ Kg7 36. Qf8+ Kf6 37. Rc6+ Ke5 38. Qe7+ Kd4 39. Bg2) (33... Qxg3 $2 {[#]} 34. Qxb6 $3 axb6 35. fxg3 $18) 34. Rc8 {[%emt 0:01:01] [#]} Bxf2+ $1 35. Kh1 $1 {[%emt 0:00:01] Qf8+ is the strong threat. Really sharp!} Kg6 (35... Qxg3 {leads to mate.} 36. Qf8+ Kf6 37. Rc6+ Kf5 38. Qxf7+ Kg4 39. Rc4+) 36. Qf8 $2 (36. Rc6+ $11 Kg7 37. Rc8) 36... Bg4 $2 {[%emt 0:04:06] This bishop pair is nice.} (36... d2 $19 37. Rc6+ Kf5 38. Qxf7+ Kg4 39. Qd7+ Kxg3 40. Qh3+ Kf4 41. Rc4+ Bd4 42. Rxd4+ Qxd4 43. Qh2+ Kf5 44. Qh3+ Bg4 45. Qh7+ Ke6 46. Qg6+ Ke7 47. Qxg5+ Kd7 48. Qb5+ Ke6 49. Qxb3+ Ke5 50. Qg3+ Qf4 51. Qc3+ Kf5 52. Qd3+ Kg5 53. Qd8+ Kh5 54. Qe8+ Kh4 55. Qh8+ Bh5 56. Qd8+ Kg3 57. Qd3+ Bf3 58. Qxf3+ Qxf3 59. Bxf3 Kxf3 60. Kh2 d1=Q 61. b3 Qd2+ 62. Kh3 Qh6#) 37. Qg8+ $1 Kh6 $1 {[%emt 0:00:46] ( -> ...Qe1+)} 38. Qf8+ Qg7 $4 (38... Kg6 $11 {and Black has nothing to worry.} 39. Qg8+ Kh6 40. Qf8+ Kg6) 39. Rc6+ $18 {[%emt 0:00:15] White is clearly winning.} Be6 {[%emt 0:00:09] [#]} 40. Rxe6+ $1 fxe6 41. Qxf2 {[%emt 0:00:10] Weighted Error Value: White=0.43/Black=0.45} 1-0

[Event "3rd Tal Heraklion-IM 2022"]
[Site "Heraklion"]
[Date "2022.04.28"]
[Round "3.3"]
[White "Bracker, Arne"]
[Black "Sandalakis, Nikolaos"]
[Result "1-0"]
[ECO "B31"]
[WhiteElo "2276"]
[BlackElo "2240"]
[Annotator "TA"]
[PlyCount "141"]
[EventDate "2022.04.18"]
[EventType "tourn"]
[EventCountry "GRE"]
[SourceTitle "playchess.com"]
[Source "ChessBase"]
[SourceQuality "1"]
[TimeControl "40/5400+30:1800+30"]

1. e4 c5 2. Nf3 Nc6 3. Bb5 Nf6 4. Nc3 g6 5. O-O Bg7 6. h3 O-O 7. Re1 Ne8 8. Bxc6 dxc6 9. e5 Nc7 10. d3 Ne6 11. Be3 {[%emt 0:08:52] B31: Sicilian: 2...Nc6 3 Bb5 g6.} Nd4 12. Bf4 b6 13. Ne4 {[%emt 0:03:53] The position is equal.} Be6 14. b3 a5 15. a4 h6 {[%emt 0:05:23] [#]} 16. Ned2 $146 ({Predecessor:} 16. Nxd4 cxd4 17. Bg3 Kh7 18. Nd2 Bd5 19. Qg4 c5 20. Bf4 Rc8 {½-½ (20) Canizares Cuadra,P (2351)-Wosch,A (2375) LSS email 2020}) 16... Qd5 17. Bh2 f5 (17... Rfd8 $11 {keeps the balance.}) 18. exf6 $1 $16 Bxf6 19. Be5 Rae8 (19... Kg7 $142) 20. c4 (20. Nxd4 $142 cxd4 21. Bc7) 20... Qd7 21. Nxd4 (21. Bxd4 {is more complex.} Bxd4 22. Nxd4 Qxd4 23. Rxe6 Rxf2 24. Kh1) 21... cxd4 {[%emt 0:01:01] [#]} 22. Bg3 (22. Bc7 $1 $14) 22... c5 $11 23. Ne4 Bg7 24. Ra2 Qc6 25. Rae2 {[%emt 0:00:48][%cal Oe4c5] White wants to play Nxc5!} Bc8 26. f3 Bb7 27. Nf2 {[%emt 0:04:19] [#]} (27. Nd2 $11) 27... Rxf3 $1 $15 28. gxf3 Qxf3 29. Ne4 Bxe4 {[%emt 0:00:09][%mdl 64] Remove Defender} 30. dxe4 Qxg3+ 31. Rg2 Qh4 (31... Qxh3 $15 32. Rxg6 Kh7) 32. Rxg6 $11 {[%emt 0:02:55] Hoping for Re2.} Kh7 33. Rg4 Qxh3 {[%emt 0:00:12] Threatens to win with ...Be5.} 34. Rf1 d3 {[%emt 0:02:36] ( -> ...Bd4+)} (34... Be5 35. Rf7+ Kh8 36. Qf3 Qxf3 37. Rxf3 $11) 35. Rf7 Rg8 36. e5 $1 Qe3+ (36... Kh8 $1 $15 37. Qf3 (37. Rxe7 $2 h5 $19) 37... Qxf3 38. Rxf3 Rd8) 37. Kg2 {[%emt 0:00:22] The board is on fire.} Kh8 $2 (37... d2 $1 $11) 38. Rf3 $16 Qxe5 39. Qxd3 Qb2+ 40. Kh3 {[%emt 0:00:00][%mdl 1024] White has strong compensation.} (40. Rf2 $6 Qc3 41. Qxc3 Bxc3 $16) 40... Qa1 {[%emt 0:00:00] ...Qh1+ is the strong threat.} 41. Kg2 {[%emt 0:06:38] Prevents Qh1+.} (41. Rf7 Qh1+ 42. Kg3 Qh5 $11) (41. Rf1 $18 Qe5 42. Qf5) 41... Qc1 (41... Qb2+ $1 $11 42. Kh3 (42. Rf2 Qc3 $16) 42... Qa1) 42. Qe3 (42. Rf7 Qe1 $16) 42... Qc2+ 43. Rf2 Qd1 44. Rg6 (44. Rg3 $1 $18) 44... Qb1 $2 {[%emt 0:04:42][%mdl 8192] [#]} ({Better is} 44... Qh5 $14 45. Qe6 Qxg6+ 46. Qxg6 Bf6 47. Qxg8+ (47. Rxf6 $2 exf6 48. Qxg8+ Kxg8 $19) 47... Kxg8) 45. Rg3 $1 $18 ({Not} 45. Qe6 Qxg6+ 46. Qxg6 Bf6 47. Qxg8+ (47. Rxf6 $2 exf6 48. Qxg8+ Kxg8 $19) 47... Kxg8 $16) 45... e5 46. Kh2 Qd1 47. Rh3 Qd6 48. Rd2 Qc6 (48... Qe6 $142) 49. Rd5 $40 {[%emt 0:02:18][%mdl 128] White goes for the king.} Qg6 {[%emt 0:01:43] [#]} 50. Rg3 $1 Qc2+ 51. Rd2 Qf5 52. Rd6 Qc2+ $2 {[%emt 0:01:45] This costs Black the game.} (52... Rf8 $16 53. Rxb6 e4) 53. Qd2 Qxd2+ 54. Rxd2 {[%emt 0:00:01][%mdl 4096] Endgame KRR-KRB} e4 {[%emt 0:00:10] And now ...Be5 would win.} 55. Rd6 Re8 {[%emt 0:00:59] Strongly threatening ...e3.} 56. Kg2 ({Avoid the trap} 56. Rxb6 $2 e3 57. Rg1 e2 $19) 56... Re7 57. Kf1 ({Resist} 57. Rxb6 Kh7 58. Rh3 Kg8 $18) 57... Kh7 {[%emt 0:00:31] aiming for ...Be5.} 58. Rxb6 Be5 59. Rgg6 {[%emt 0:00:18] White is clearly winning.} Bf4 60. Rge6 Rf7 61. Rf6 Rxf6 62. Rxf6 {[%emt 0:00:02] KR-KB} Bd2 63. Rf5 Bb4 64. Re5 Kg6 65. Kg2 Kf6 66. Rxe4 Kf5 67. Kf3 Bc3 68. Re7 Bb4 69. Rd7 Ba3 70. Rd5+ Kg6 71. Kg4 {[%emt 0:00:07] Weighted Error Value: White=0.25 (precise) /Black=0.41} 1-0

[Event "3rd Tal Heraklion-IM 2022"]
[Site "Heraklion"]
[Date "2022.04.28"]
[Round "3.4"]
[White "Langrock, Hannes"]
[Black "Lirindzakis, Timotheos"]
[Result "1/2-1/2"]
[ECO "D02"]
[WhiteElo "2351"]
[BlackElo "2164"]
[Annotator "TA"]
[PlyCount "71"]
[EventDate "2022.04.18"]
[EventType "tourn"]
[EventCountry "GRE"]
[SourceTitle "playchess.com"]
[Source "ChessBase"]
[SourceQuality "1"]
[TimeControl "40/5400+30:1800+30"]

1. d4 Nf6 2. Nf3 d5 3. g3 c6 4. Bg2 Bg4 5. c4 e6 6. h3 {[%emt 0:00:40] D02: 1 d4 d5 2 Nf3 sidelines, including 2...Nf6 3 g3 and 2...Nf6 3 Bf4.} Bh5 7. O-O Be7 8. Ne5 {[%emt 0:09:49] White is slightly better.} Nbd7 9. g4 Bg6 10. Nxg6 hxg6 11. Qd3 O-O 12. Nc3 dxc4 13. Qxc4 e5 {[%emt 0:00:54] [#]} 14. Rd1 $146 ({Predecessor:} 14. dxe5 Nxe5 15. Qb3 Qc7 16. f4 Ned7 17. e4 Nc5 18. Qc2 Ne6 19. e5 Nd7 20. Ne2 {1-0 (67) Harikrishna,P (2758)-Adams,M (2761) Shenzhen 2017}) 14... Nb6 15. Qd3 (15. Qb3 {with more complications.} exd4 16. e3 Qc7 17. Rxd4 Rad8 18. Ne2) 15... exd4 16. Qxd4 Qxd4 17. Rxd4 Rfd8 18. Be3 Rxd4 19. Bxd4 Rd8 20. Rd1 Nc4 21. Bxa7 Nxb2 22. Rb1 Rd2 23. g5 {[%emt 0:07:35] aiming for Be3.} Nd7 24. Be3 Rc2 {[%emt 0:00:12] [#]} 25. Be4 $1 Rxc3 26. Rxb2 b5 27. a4 Ba3 ({Resist} 27... bxa4 28. Rb7 $16) (27... Nc5 $11 28. Bxc5 Rxc5) 28. Rd2 $14 Nc5 29. Bxc6 bxa4 30. Rd8+ Kh7 31. Bd5 {[%emt 0:04:19] White is more active.} ({Better is} 31. Ra8 $14) 31... Ne6 $11 {[%emt 0:01:52] The position is equal.} 32. Rd7 Bc1 33. Rxf7 Bxe3 34. Bxe6 Bxg5 35. Ra7 a3 36. Kg2 {[%emt 0:00:06] Weighted Error Value: White=0.12 (very precise) /Black=0.11 (very precise)} 1/2-1/2

[Event "3rd Tal Heraklion-IM 2022"]
[Site "Heraklion"]
[Date "2022.04.28"]
[Round "3.5"]
[White "Peng, Li Min"]
[Black "Milonakis, Georgios"]
[Result "1/2-1/2"]
[ECO "D35"]
[WhiteElo "2517"]
[BlackElo "2215"]
[Annotator "TA"]
[PlyCount "100"]
[EventDate "2022.04.18"]
[EventType "tourn"]
[EventCountry "GRE"]
[SourceTitle "playchess.com"]
[Source "ChessBase"]
[SourceQuality "1"]
[TimeControl "40/5400+30:1800+30"]

1. d4 Nf6 2. c4 e6 3. Nc3 d5 4. cxd5 exd5 5. Bg5 Be7 6. e3 c6 7. Bd3 Nbd7 8. Nge2 Nh5 {[%emt 0:09:43] 8...Nf8 is the modern continuation.} 9. Bxe7 Qxe7 10. Qd2 {[%emt 0:00:01] D35: Queen's Gambit Declined: Exchange Variation.} Nb6 11. O-O O-O 12. f3 {[%emt 0:00:45] [#] White has an edge.} Nc4 $146 ({Predecessor:} 12... Qg5 13. Rad1 Re8 14. e4 Qxd2 15. Rxd2 dxe4 16. fxe4 Nf6 17. Nf4 Be6 18. e5 Nfd5 19. Nxe6 Rxe6 {½-½ (81) Friedel,J (2561)-Soto Hernandez,H (2457) Merida 2017}) 13. Bxc4 dxc4 14. g4 Nf6 15. Ng3 b5 16. e4 Rd8 17. Rad1 g6 (17... h6 $11) 18. e5 $16 Ne8 19. Nce4 {[%emt 0:02:42] Inhibits c5.} Be6 ({Better is} 19... Qh4 $1 $14) 20. Qf4 (20. Qh6 $1 $16) 20... Qh4 $14 21. Rf2 Rd5 22. Nf1 b4 (22... Rad8 $142) 23. Ne3 $16 Ra5 24. Ng5 {[%emt 0:00:06] Pair of Knights!} (24. Rc1 $16) 24... Nc7 $11 25. Ng2 Nd5 26. Qc1 (26. Nxh4 Nxf4 27. Ng2 Nd3 $17) 26... Qh6 27. f4 (27. h4 $11 {keeps the balance.}) 27... Bxg4 $17 28. Re1 c3 (28... Rxa2 29. Qxc4 Ra5 30. Ne3 $14) 29. bxc3 Nxc3 (29... bxc3 $6 30. Ne3 Be6 31. Nxe6 fxe6 32. Nxd5 Rxd5 33. Qxc3 $15) 30. Ne3 Bd7 31. Nc4 (31. Nd1 $17 {was called for.} Nd5 32. Nxf7 Kxf7 33. e6+ Bxe6 34. Rxe6 (34. Qxc6 $2 Re8 $19)) 31... Rd5 $2 (31... Nxa2 32. Qa1 $18) (31... Rxa2 $19 32. Rxa2 Nxa2) 32. Qe3 (32. Nd6 $11) 32... Re8 33. a3 a5 (33... Qh5 $1 $17 {Hoping for ...Nd1.} 34. axb4 Nd1) 34. Nb6 $15 f6 {[%emt 0:01:21] [#]} 35. Nf3 (35. axb4 $1 $11 axb4 36. Nf3) 35... fxe5 (35... Be6 $15 36. axb4 axb4 37. Nxd5 Bxd5) 36. Nxe5 $11 Rd6 37. d5 (37. axb4 $16 axb4 38. Nbxd7 Rxd7 39. Ng4 Rxe3 40. Nxh6+ Kg7 41. Rxe3 Kxh6 42. Re6) 37... Bf5 {[%emt 0:02:41] [#]} (37... Nxd5 38. Qc5 Nxb6 39. Qxd6 $16) (37... Qg7 $11) 38. Qc5 (38. Ng4 $1 $16 Bxg4 (38... Qf8 39. Qxe8) 39. Qxe8+ Qf8 40. Qxf8+ (40. dxc6 Qxe8 41. Rxe8+ Kf7 $11) 40... Kxf8 41. Nc4 Rxd5 42. axb4 axb4 43. Ne3) 38... Rdd8 39. dxc6 Qh4 $1 40. c7 Rd2 {[%emt 0:00:00][%cal Oe8e5] Threatens to win with ...Rxe5!} 41. Ref1 {[%emt 0:07:46] Chess con chili.} (41. axb4 $2 Rxe5 $1 42. c8=Q+ Bxc8 43. Qxc8+ Kg7 $19) 41... Rxf2 (41... Ne2+ $2 42. Rxe2 $1 Rxe2 43. Qc4+ Kg7 44. Qxe2 $18) (41... Ne4 $5 42. Qc4+ (42. Qc6 $2 Rxf2 43. Qxe8+ Kg7 $19) 42... Kg7 43. Qf7+ (43. axb4 Rxf2 44. Qf7+ Kh6) (43. Rxd2 Nxd2 44. Qf7+ Kh6 $11) 43... Kh6 44. Rxd2 Nxd2 45. Qxe8 Nxf1 $11) 42. Rxf2 Ne4 (42... Kg7 $1 $11 43. Qd4 (43. axb4 $2 Ne4 $19) 43... Nb5) 43. Qd5+ $1 $40 {[%emt 0:00:02][%mdl 128] White is up to no good.} Kg7 $1 (43... Kh8 44. Rf1 $16) 44. Rf1 {[%emt 0:07:48] And now Qf7+ would win.} Qf6 {[%emt 0:07:24] [#] Against Qf7+} 45. c8=N {[%emt 0:04:50] 0x0.00199249e77fdp-1022s more active pieces.} (45. Qxa5 $6 bxa3 46. Qa7 Bc8 $11) (45. Qb7 $1 $16 Qe7 46. c8=Q Bxc8 47. Qxe7+ Rxe7 48. Nxc8) 45... Nc3 $2 (45... b3 $1 $11) 46. Nd6 $18 ({Don't go for} 46. Qxa5 $2 Ne2+ 47. Kg2 Be4+ 48. Kf2 (48. Nf3 $2 Nxf4+ 49. Kg3 Nh5+ 50. Qxh5 gxh5 $19) 48... Qxf4+ 49. Kxe2 {[#]} Bf3+ $1 50. Rxf3 Rxe5+ 51. Qxe5+ Qxe5+ 52. Re3 Qb2+ 53. Kd3 bxa3 54. Re7+ Kh6 $19) 46... Rd8 (46... Re7 47. Qc5 (47. Qxa5 Ne2+ 48. Kg2 Qxd6 $15) 47... Bh3) 47. Qb7+ $2 (47. Nxf5+ gxf5 48. Qb7+ Kg8 49. Kh1) 47... Kg8 48. Ndf7 (48. Nxf5 $18 {was the only winning move. Intending Nh6+ and mate.} Qxf5 49. Nbd7) 48... Be4 $19 {[%emt 0:00:46] ( -> ...Ne2+)} 49. Nbd7 (49. Nd5 $142 Bxd5 50. Nh6+ Kh8 51. Qc7) 49... Ne2+ (49... Bxb7 $2 50. Nxf6+ Kf8 51. Nxd8 $18) 50. Kf2 Qh4+ {[%emt 0:00:19][%mdl 32768] Both players deserved the win here.  Weighted Error Value: White=0.73/Black=0.46. An unexpected result.} ({Weaker is} 50... Bxb7 51. Nxf6+ Kg7 52. Nxd8 $18) 1/2-1/2

[Event "3rd Tal Heraklion-IM 2022"]
[Site "Heraklion"]
[Date "2022.04.29"]
[Round "4.1"]
[White "Kotsinis, Alexandros"]
[Black "Milonakis, Georgios"]
[Result "0-1"]
[ECO "E06"]
[WhiteElo "2055"]
[BlackElo "2215"]
[Annotator "TA"]
[PlyCount "60"]
[EventDate "2022.04.18"]
[EventType "tourn"]
[EventCountry "GRE"]
[SourceTitle "playchess.com"]
[Source "ChessBase"]
[SourceQuality "1"]
[TimeControl "40/5400+30:1800+30"]

1. d4 d5 2. c4 e6 3. Nf3 Nf6 4. g3 Be7 5. Bg2 O-O 6. Qc2 dxc4 7. Qxc4 b6 {[%emt 0:05:02] E06: Closed Catalan: Early deviations.} 8. Ne5 Nd5 9. O-O Ba6 {[%emt 0:03:49] The position is equal.} 10. Qc2 Bb7 11. a3 c5 {[%emt 0:04:41] [#]} 12. e4 $146 ({Predecessor:} 12. dxc5 Bxc5 13. Nd3 Be7 14. Rd1 Nd7 15. e4 Rc8 16. Qe2 N5f6 17. Nc3 Qc7 18. e5 {1-0 (45) Namini,A (2218)-Bick,J (2155) Stockholm 2019}) 12... Nf6 13. dxc5 Qc7 {[%emt 0:11:48] Prevents c6.} 14. Nc4 Qxc5 15. b4 Qh5 16. Nbd2 Nbd7 17. Bb2 Rac8 {[%emt 0:02:58] [#] aiming for ...b5.} (17... a5 $5 ) 18. Qb3 b5 19. Ne3 (19. Na5 $5 Ba8 20. Rac1 $11) 19... Rfd8 $40 {[%emt 0:01:47][%mdl 128] Black mounts an attack.} 20. Rfd1 (20. Rfc1 $11) 20... Ne5 $17 {[%emt 0:04:00] Threatens to win with ...Rd3.} 21. Bxe5 Qxe5 22. f4 Qc3 {[%emt 0:12:12] Black is more active.} 23. e5 Bxg2 ({Don't take} 23... Rxd2 24. Qxc3 Rxg2+ 25. Nxg2 $14) 24. Qxc3 Rxc3 25. exf6 Bxf6 (25... Rxe3 $2 26. fxe7 Re8 27. Kxg2 $18) 26. Nxg2 {[%emt 0:00:58] Ne1 is the strong threat.} Rcd3 $1 27. Rac1 Rxd2 28. Rxd2 Rxd2 29. Ne3 (29. Rc8+ {was called for.} Rd8 30. Rxd8+ Bxd8 31. Ne1) 29... h5 $19 {[%emt 0:01:35] Strongly threatening ...Bd4.} 30. Rc2 $2 {[%emt 0:00:22] [#]} (30. Ng2) 30... Bd4 $1 {[%emt 0:03:48][%mdl 512] Weighted Error Value: White=0.39/Black=0.05 (flawless)} 0-1

[Event "3rd Tal Heraklion-IM 2022"]
[Site "Heraklion"]
[Date "2022.04.29"]
[Round "4.2"]
[White "Lirindzakis, Timotheos"]
[Black "Peng, Li Min"]
[Result "0-1"]
[ECO "D37"]
[WhiteElo "2164"]
[BlackElo "2517"]
[Annotator "TA"]
[PlyCount "80"]
[EventDate "2022.04.18"]
[EventType "tourn"]
[EventCountry "GRE"]
[SourceTitle "playchess.com"]
[Source "ChessBase"]
[SourceQuality "1"]
[TimeControl "40/5400+30:1800+30"]

1. d4 d5 2. c4 e6 3. Nf3 Nf6 4. Nc3 a6 5. cxd5 exd5 6. Bg5 {[%emt 0:00:24] D37: Queen's Gambit Declined: 5 Bf4.} Be6 7. e3 Nbd7 8. Bd3 {[%emt 0:01:02] White has an edge.} Bd6 9. O-O O-O 10. h3 h6 11. Bf4 Qe7 12. Bxd6 Qxd6 13. Rb1 c6 14. Qc2 {[%emt 0:03:25] [#]} Nh5 $146 ({Predecessor:} 14... Rfe8 15. b4 b5 16. a4 Nb6 17. a5 Nc4 18. Bxc4 bxc4 19. Ne5 Reb8 20. Qa4 Rc8 {0-1 (57) Zhao,J (2604)-Khismatullin,D (2632) Riadh 2017}) 15. Nh4 Rae8 (15... Qe7 $5 16. Nf3 g6 $11) 16. Rbe1 c5 17. dxc5 Nxc5 18. Be2 Nf6 19. Rd1 Rc8 20. Qb1 b5 21. a3 Rfe8 22. Nf3 Qd7 23. Nd4 Qb7 24. Rc1 Bd7 25. Rfd1 Qb8 26. Qa2 Qd6 27. Bf3 Be6 28. Rc2 Ncd7 29. Rdc1 Ne5 30. Be2 Bd7 31. Bf1 g5 $1 32. Nb1 $2 (32. Nce2 $11 {and White is okay.}) 32... g4 $19 {[%emt 0:00:29] White must now prevent ...Rxc2.} 33. Rxc8 Bxc8 34. b3 (34. Nd2 $142) 34... gxh3 35. gxh3 Kh8 36. Kh1 Rg8 {[%emt 0:00:11] aiming for ...Ne4.} 37. Bg2 (37. Nd2 Nh5 38. Qb2) 37... Nd3 {[%emt 0:01:42] Strongly threatening ...Bxh3.} 38. Rd1 {[%emt 0:00:30] [#]} Ne4 $1 {[%emt 0:00:51] Black mates.} 39. Rxd3 (39. Bxe4 dxe4) 39... Qg6 40. f3 {[%emt 0:00:00] [#]} Bxh3 $1 {[%emt 0:00:00][%mdl 512] Weighted Error Value: White=0.46/Black=0.05 (flawless)} 0-1

[Event "3rd Tal Heraklion-IM 2022"]
[Site "Heraklion"]
[Date "2022.04.29"]
[Round "4.3"]
[White "Sandalakis, Nikolaos"]
[Black "Langrock, Hannes"]
[Result "0-1"]
[ECO "B15"]
[WhiteElo "2240"]
[BlackElo "2351"]
[Annotator "TA"]
[PlyCount "72"]
[EventDate "2022.04.18"]
[EventType "tourn"]
[EventCountry "GRE"]
[SourceTitle "playchess.com"]
[Source "ChessBase"]
[SourceQuality "1"]
[TimeControl "40/5400+30:1800+30"]

1. e4 c6 2. d4 d5 3. Nc3 dxe4 4. Nxe4 Nf6 5. Nxf6+ exf6 6. Be3 Bd6 {[%emt 0:00:44] B15: Caro-Kann: 3 Nc3: 3...g6 and 3...dxe4 4 Nxe4 Nf6 5 Nxf6+ exf6.} 7. Bd3 O-O 8. Ne2 ({But not} 8. Qh5 g6 9. Qd1 Qb6 $11) 8... Re8 {[%emt 0:10:29] The position is equal.} (8... Bf5 $5) 9. O-O Na6 10. c4 Nc7 11. Qc2 g6 {[%emt 0:01:13] [#]} 12. Nc3 $146 ({Predecessor:} 12. Rad1 Be6 13. Nc3 Bf8 14. Bf4 Rc8 15. Rfe1 Qd7 16. Ne4 Qd8 17. Nc5 b6 18. Ne4 {1-0 (71) So,W (2772)-Caruana,F (2791) Chess.com INT 2021}) 12... f5 13. Rae1 Bd7 14. Qc1 Qf6 15. c5 Bf8 16. Bf4 Ne6 (16... Qxd4 $2 17. Bxc7 Qxc5 18. Qf4 $18) 17. Be5 Qd8 18. g4 $2 (18. Bc4 $11) 18... f6 ({Black should play} 18... Qh4 $1 19. Qd1 Bg7 20. gxf5 Nxc5 $1 ) 19. gxf5 fxe5 20. fxe6 Bxe6 21. d5 (21. Rxe5 $17 Qxd4 22. Qe3) 21... Bxd5 ({Inferior is} 21... Bxc5 22. dxe6 Qxd3 23. Rxe5 $15) ({Better is} 21... cxd5 $19 22. Rxe5 Bg7) 22. Nxd5 $17 cxd5 23. Bb5 Re6 24. Rd1 Qh4 {[%emt 0:01:07] Inhibits Bc4.} 25. f4 (25. Bd7 $17 {is a better defense.} Qg4+ 26. Kh1 Qf3+ 27. Kg1) 25... Rd8 $19 26. Kh1 {[%emt 0:01:25] [#]} (26. Qe3 $142) 26... Bh6 $1 27. Bc4 $2 (27. Qc2 Bxf4 28. b4) 27... Bxf4 28. Rxf4 exf4 29. Qd2 Re5 {[%emt 0:01:53] Strongly threatening ...f3.} 30. Bb3 Kg7 (30... f3 $142 31. Kg1 Re2 32. Bxd5+ Kf8 33. Qxe2 fxe2 34. Rb1 Rxd5 35. Kg2 Qg4+ 36. Kf2 Qf4+ 37. Kg1 Rg5+ 38. Kh1 Qf3#) 31. Qd4 {[%emt 0:00:46] Black is clearly winning.} Qf6 {[%emt 0:00:17] And now ...Rde8 would win.} 32. Qb4 Rd7 33. Qa4 Qf5 34. Bc2 Qg4 {[%emt 0:00:14] ( -> ...Qf3+)} 35. Qd4 Qf3+ 36. Kg1 Qe3+ {[%emt 0:00:42] Weighted Error Value: White=1.10/Black=0.74} 0-1

[Event "3rd Tal Heraklion-IM 2022"]
[Site "Heraklion"]
[Date "2022.04.29"]
[Round "4.5"]
[White "Cmiel, Thorsten"]
[Black "Rakshitta Ravi"]
[Result "0-1"]
[ECO "A29"]
[WhiteElo "2079"]
[BlackElo "2240"]
[Annotator "TA"]
[PlyCount "42"]
[EventDate "2022.04.18"]
[EventType "tourn"]
[EventCountry "GRE"]
[SourceTitle "playchess.com"]
[Source "ChessBase"]
[SourceQuality "1"]
[TimeControl "40/5400+30:1800+30"]

1. Nf3 Nf6 2. c4 Nc6 3. g3 e5 4. Bg2 d5 5. cxd5 Nxd5 6. Nc3 Nb6 7. O-O Be7 8. d3 O-O 9. Be3 Be6 10. Rc1 f5 11. a3 Kh8 {[%emt 0:03:14] [#]} 12. Nb1 $146 {[%emt 0:08:44][%cal Oc1c6] A29: English Opening: Four Knights Variation with 4 g3.} ({Predecessor:} 12. b4 a6 13. Na4 Nxa4 14. Qxa4 Bd5 15. Bc5 Bd6 16. Qc2 Qe8 17. e3 Rd8 18. Qb2 Qh5 19. Qe2 f4 20. gxf4 exf4 {1-0 (33) Tomashevsky,E (2708)-Sasikiran,K (2650) Chess.com INT 2022}) 12... Bf6 13. b4 a5 (13... Nd4 $15) 14. b5 (14. Bc5 {is superior.}) 14... Nd4 $11 15. Nxd4 exd4 16. Bf4 (16. Bd2 $5 ) 16... Nd5 17. Bxd5 Qxd5 18. Qa4 (18. a4 $11) 18... Be5 ({Black should try} 18... b6 $15) 19. e4 (19. Bxe5 $11 {remains equal.} Qxe5 20. Rfe1) 19... fxe4 $17 20. dxe4 Qd6 ({Don't do} 20... Qxe4 21. Rce1 Rxf4 22. Rxe4 Rxe4 23. Qc2 $16) 21. Bd2 {[%emt 0:01:56][%mdl 8192] [#]} (21. Bxe5 $15 Qxe5 22. Rfd1) 21... Rf3 {[%emt 0:02:13] Weighted Error Value: White=0.65/Black=0.21 (precise)} 0-1